 Dungeon Crawl Stone Soup version 0.27-a0-1119-gbf574a6a6b (webtiles) character file.

Game seed: 13299165398997958173

100678 karrick the Warrior (level 16, -26/141 HPs)
             Began as a Djinni Gladiator on May 2, 2021.
             Was the Champion of Okawaru.
             Annihilated by a white ugly thing (51 damage)
             ... on level 15 of the Dungeon.
             The game lasted 01:25:56 (21868 turns).

karrick the Warrior (Djinni Gladiator)             Turns: 21868, Time: 01:25:56

Health: -26/141    AC: 13    Str: 16    XL:     16   Next: 28%
Gold:   1498       EV: 22    Int: 11    God:    Okawaru [******] SH:  0 Dex: 18

rFire    + + .     SeeInvis .   d - +4 lajatang (vamp)
rCold    x . .     Faith    +   (shield currently unavailable)
rNeg     . . .     Spirit   .   y - +0 troll leather armour
rPois    ∞         Reflect  .   Z - +1 hat
rElec    .         Harm     .   w - +2 cloak
rCorr    .         Rampage  .   Q - +2 pair of gloves
Will     +....                  (boots unavailable)
Stlth    +++.......             I - amulet of faith
HPRegen  1.33/turn              q - ring "Usemapn" {rPois EV+4}
MPRegen  0.00/turn              A - +4 ring of slaying

@: flying, studying Shields
A: fire resistance 2, cold vulnerability 1, float, innate caster, hp casting,
extra vitality 1, horns 2, robust 1
a: Renounce Religion, Heroism, Finesse


You were on level 15 of the Dungeon.
You worshipped Okawaru.
Okawaru was exalted by your worship.
You visited 4 branches of the dungeon, and saw 23 of its levels.
You also visited: Bailey and Gauntlet.

You collected 1573 gold pieces.
You spent 75 gold pieces at shops.

Inventory:

Hand Weapons
 d - a +4 vampiric lajatang (weapon)
 v - the +7 lajatang of Order {silver, rMut}
   (Okawaru gifted it to you on level 5 of the Lair of Beasts)

   It protects you from mutation.
 z - a +2 demon trident of freezing
 E - the +6 quarterstaff of Optimality {elec, rF- Int+9 Dex+5}
   (Okawaru gifted it to you on level 14 of the Dungeon)

   Occasionally, upon striking a foe, it can discharge electrical energy and
   cause terrible harm.
   It affects your intelligence (+9).
   It affects your dexterity (+5).
   It makes you vulnerable to fire.
 H - a +4 scimitar of flaming
Missiles
 h - 41 javelins (quivered)
Armour
 a - +0 steam dragon scales
 r - a +2 tower shield of fire resistance
 u - a +0 kite shield
 w - a +2 cloak (worn)
 y - a +0 troll leather armour (worn)
 D - a scarf of resistance
 L - the +9 plate armour of Pleasant Breezes {rElec rF+++ rCorr Dex-2}
   (Okawaru gifted it to you on level 5 of the Lair of Beasts)

   It affects your dexterity (-2).
   It renders you almost immune to fire.
   It insulates you from electricity.
   It protects you from acid and corrosion.
 Q - a +2 pair of gloves (worn)
 Z - a +1 hat (worn)
Jewellery
 l - a ring of willpower
 q - the ring "Usemapn" (left hand) {rPois EV+4}
   (You found it in a Gauntlet)

   [ring of evasion]

   It affects your evasion (+4).
   It protects you from poison.
 A - a +4 ring of slaying (right hand)
 B - an amulet of reflection
 G - a ring of see invisible
 I - an amulet of faith (around neck)
 M - a +6 ring of dexterity
 O - the amulet "Axoggac" {Regen+ rCorr Dex+2 SInv}
   (You found it on level 6 of the Lair of Beasts)

   [amulet of regeneration]

   It affects your dexterity (+2).
   It lets you see invisible.
   It increases your rate of health regeneration.
   It protects you from acid and corrosion.
 W - a ring of ice
Wands
 f - a wand of digging (6)
 m - a wand of acid (17)
 x - a wand of iceblast (26)
 N - a wand of mindburst (38)
Scrolls
 k - 5 scrolls of fog
 t - 4 scrolls of immolation
 C - 3 scrolls of teleportation
 F - a scroll of holy word {unknown}
 R - 3 scrolls of summoning {unknown}
 S - 9 scrolls of identify
 T - 2 scrolls of noise {unknown}
 U - 5 scrolls of fear
 V - a scroll of acquirement
 X - a scroll of enchant weapon
 Y - a scroll of blinking {unknown}
Potions
 b - 2 potions of flight {unknown}
 c - 2 potions of haste
 e - 7 potions of degeneration {unknown}
 g - a potion of brilliance {unknown}
 i - a potion of heal wounds
 j - 3 potions of resistance {unknown}
 n - a potion of might
 o - 3 potions of mutation
 p - 7 potions of curing {unknown}
 s - a potion of experience {unknown}
 J - a potion of cancellation {unknown}
 K - a potion of ambrosia {unknown}
 P - 2 potions of attraction {unknown}


   Skills:
 + Level 16.6 Fighting
 + Level 6.2 Long Blades
 + Level 13.9 Staves
 + Level 2.2 Throwing
 * Level 7.5 Armour
 + Level 9.9 Dodging
 + Level 4.6 Stealth
 + Level 12.1 Shields
 * Level 7.3 Spellcasting
 * Level 7.4 Invocations


You had 4 spell levels left.
You knew the following spells:

 Your Spells              Type           Power      Damage    Failure   Level
a - Summon Small Mammal   Summ           80%        N/A       1%          1
b - Searing Ray           Conj           40%        3d4       1%          2
c - Blink                 Tloc           N/A        N/A       1%          2
d - Animate Dead          Necr           10%        N/A       10%         4
e - Hydra Form            Tmut           10%        N/A       28%         5
f - Summon Forest         Summ/Tloc      10%        N/A       28%         5
g - Blade Hands           Tmut           10%        N/A       83%         6
Your spell library was empty.

Dungeon Overview and Level Annotations

Branches:
Dungeon (15/15)            Temple (1/1) D:6            Lair (6/6) D:9
 Shoals (0/4) Lair:4       Spider (0/4) Lair:2        Slime (0/5) Lair:6
    Orc (1/2) D:9          Vaults (0/5) D:13         Bailey (visited)
Gauntlet (visited)
 Depths: D:15

Altars:
Ashenzari
Cheibriados
Dithmenos
Elyvilon
Fedhas
Gozag
Hepliaklqana
Kikubaaqudgha
Makhleb
Nemelex Xobeh
Okawaru
Qazlal
Ru
Sif Muna
Trog
Uskayaw
Vehumet
Wu Jian
Xom
Yredelemnul
Zin
The Shining One

Shops:
D:2 :   D:7 [   D:8 *

Annotations:
D:10 3 runed translucent doors
Lair:4 Rupert
Lair:5 Snorg


Innate Abilities, Weirdness & Mutations

You are immune to poison.
Your flesh is very heat resistant. (rF++)
You are vulnerable to cold. (rC-)
You float through the air rather than walking.
You learn spells naturally, not from books.
Your magical power is your life essence.
You have superior vitality. (+4 HP)
You have a pair of horns on your head.
You are robust. (+10% HP)


Message History

You slice the white ugly thing!!
Your headbutt misses the white ugly thing.
The white ugly thing is severely wounded.
The white ugly thing completely misses you.
You barely miss the white ugly thing.
The white ugly thing is severely wounded.
The white ugly thing closely misses you.
You completely miss the white ugly thing.
The white ugly thing is severely wounded.
The brown ugly thing basks in the mutagenic energy from its kin and changes!
The white ugly thing closely misses you.
You barely miss the white ugly thing.
The white ugly thing is severely wounded.
You slice the white ugly thing!!
You feel better.
You kill the white ugly thing!
Okawaru accepts your kill. The white ugly thing punches you.
The white ugly thing freezes you!!!
You feel a terrible chill!
You see here an ugly thing corpse.
You are too injured to fight recklessly!
You are too injured to fight recklessly!
You hit the white ugly thing.
You feel better.
You headbutt the white ugly thing!
The white ugly thing is lightly wounded.
The white ugly thing punches you. The white ugly thing freezes you!!!
You feel a terrible chill!
* * * LOW HITPOINT WARNING * * *
Casting: Blink (safe; 1% risk of failure)
Confirm with . or Enter, or press ? or * to list all spells.
You blink.
* * * LOW HITPOINT WARNING * * *
Okay, then.
Casting: Blink (safe; 1% risk of failure)
Confirm with . or Enter, or press ? or * to list all spells.
You blink.
* * * LOW HITPOINT WARNING * * *
The white ugly thing punches you!
* * * LOW HITPOINT WARNING * * *
The white ugly thing freezes you!!!
You feel a terrible chill!
You die...

#......†....#
#.#
#..##########
#.# ####..#
#.# ......#
#.# ##.u..#
#.# #.####
#.# #.#
####.# #.#
#.u§.# #.#
#@#### #.#
#.# #.# #.#
#.# #†# #.#
#†# #######†#
#.......#
....#######


C You could see a white ugly thing.

Vanquished Creatures
  Kirke (Lair:5)
  A minotaur (Gauntlet)
  A fire dragon (D:14)
  A great orb of eyes (shapeshifter) (Gauntlet)
  Fannar (D:12)
  A rakshasa (D:15)
  6 boulder beetles
  5 catoblepae
  A centaur warrior (D:14)
  10 hydras
  Erica (D:9)
  6 two-headed ogres
  3 tengu warriors (D:14)
  Urug (D:12)
  11 death yaks
  A shock serpent (shapeshifter) (Gauntlet)
  4 skeletal warriors (D:12)
  Pikel (D:8)
  3 wizards
  A faun (shapeshifter) (D:7)
  25 ugly things
  2 cyclopes
  7 manticores
  9 elephants
  6 black mambas
  A water nymph (shapeshifter) (D:13)
  A torpor snail (Lair:5)
  20 cane toads
  A gargoyle (D:12)
  A cane toad (shapeshifter) (Gauntlet)
  7 komodo dragons
  Maggie (Lair:2)
  2 kobold demonologists
  4 rime drakes
  An unseen horror (D:12)
  A minotaur zombie (Gauntlet)
  An efreet (D:14)
  4 polar bears
  2 wind drakes
  2 trolls
  A queen bee (Gauntlet)
  6 jumping spiders (Lair:2)
  A hornet (D:8)
  Grinder (D:4)
  A tyrant leech (Gauntlet)
  A wind drake (shapeshifter) (D:14)
  3 dream sheep (Lair:5)
  5 slime creatures (D:12)
  22 blink frogs
  A meliai zombie (D:11)
  4 redbacks (Lair:2)
  Sigmund (D:3)
  2 vampires (D:9)
  2 wraiths
  3 wyverns
  A hog (Lair:5)
  Grum (D:8)
  A basilisk (shapeshifter) (D:9)
  2 basilisks (Lair:6)
  60 yaks
  11 vampire mosquitoes
  3 swamp worms (Gauntlet)
  3 acid dragons
  14 water moccasins
  A hornet zombie (D:7)
  14 orc warriors
  A black bear (D:6)
  5 necrophages
  10 centaurs
  2 ogres
  5 boggarts (D:15)
  13 wolves
  3 lemures (D:7)
  Blork the orc (D:4)
  A kobold brigand (D:9)
  9 bullfrogs
  A wyvern zombie (D:7)
  A water moccasin zombie (D:5)
  2 water moccasin skeletons
  8 killer bees
  4 wights
  A howler monkey (D:7)
  4 electric eels (D:9)
  8 centaur zombies
  5 hounds
  8 orc priests
  11 jellies
  Crazy Yiuf (D:2)
  A centaur skeleton (D:5)
  4 iguanas
  8 orc wizards
  Terence (D:3)
  A statue (D:3)
  2 howler monkey zombies
  6 adders
  3 gnolls (D:7)
  2 howler monkey skeletons
  A shadow imp (D:8)
  A white imp (D:6)
  2 ufetubi (D:4)
  3 worms
  3 dart slugs
  49 orcs
  8 endoplasms
  A giant cockroach (D:1)
  8 goblins
  10 hobgoblins
  5 jackals
  6 kobolds
  A quokka (D:2)
  4 ball pythons
  3 bats
  2 rats (D:2)
562 creatures vanquished.

Vanquished Creatures (others)
  4 humans (Lair:5)
  2 bushes (Lair:6)
  48 fungi
  64 plants
  2 withered plants (Gauntlet)
120 creatures vanquished.

Grand Total: 682 creatures vanquished

Notes
Turn   | Place    | Note
-------+----------+-------------------------------------------
     0 | D:1      | karrick the Djinni Gladiator began the quest for the Orb.
     0 | D:1      | Reached XP level 1. HP: 18/18 MP: 0/0
    28 | D:1      | Found a faded altar of an unknown god.
   352 | D:1      | Reached XP level 2. HP: 23/24 MP: 0/0
   843 | D:2      | Reached XP level 3. HP: 28/29 MP: 0/0
   843 | D:2      | Learned a level 1 spell: Summon Small Mammal
  1084 | D:2      | Found Otadaics's Book Emporium.
  1411 | D:2      | Found a runed translucent door.
  1412 | D:2      | Noticed Crazy Yiuf
  1506 | D:2      | Killed Crazy Yiuf
  1799 | D:3      | Reached skill level 1 in Armour
  1799 | D:3      | Reached XP level 4. HP: 22/34 MP: 0/0
  1908 | D:3      | You are sucked into a shaft and drop 1 floor!
  1908 | D:4      | Noticed a yak
  1908 | D:4      | Noticed a yak
  1908 | D:4      | Noticed a yak
  1923 | D:4      | Noticed Blork the orc
  2316 | D:3      | Noticed Sigmund
  2569 | D:3      | Noticed a charred statue
  2857 | D:4      | Reached skill level 1 in Staves
  2857 | D:4      | Reached XP level 5. HP: 40/40 MP: 0/0
  2857 | D:4      | Learned a level 2 spell: Searing Ray
  2916 | D:4      | Reached skill level 3 in Fighting
  2917 | D:4      | Gained mutation: You have a pair of small horns on your
                  | head. [potion of mutation]
  2917 | D:4      | Gained mutation: You are robust. (+10% HP) [potion of
                  | mutation]
  2917 | D:4      | Gained mutation: You have a pair of horns on your head.
                  | [potion of mutation]
  2930 | D:4      | Killed Blork the orc
  2931 | D:4      | Reached skill level 1 in Stealth
  2931 | D:4      | Reached XP level 6. HP: 50/50 MP: 0/0
  3312 | D:5      | Entered Level 5 of the Dungeon
  3312 | D:5      | Found a blossoming altar of Fedhas.
  3312 | D:5      | Found a stormy altar of Qazlal.
  3416 | D:5      | Reached XP level 7. HP: 56/56 MP: 0/0
  3416 | D:5      | Learned a level 2 spell: Blink
  4155 | D:6      | Reached skill level 4 in Fighting
  4180 | D:6      | Found a burning altar of Makhleb.
  4393 | D:6      | Reached skill level 5 in Staves
  4393 | D:6      | Reached XP level 8. HP: 16/63 MP: 0/0
  4621 | D:6      | Reached skill level 1 in Spellcasting
  4875 | D:8      | Identified the +1 leather armour of Going Fast {rN++ Int+4}
  4914 | D:8      | Noticed a hornet
  4929 | D:8      | Killed a hornet
  4930 | D:8      | Reached skill level 5 in Dodging
  4953 | D:8      | Found Zeefich's Assorted Antiques.
  4970 | D:8      | Noticed a wraith
  4978 | D:8      | Noticed Grum
  5012 | D:7      | Noticed a glowing shapeshifter
  5012 | D:7      | an orc priest changed into a glowing shapeshifter
  5012 | D:7      | Noticed a faun
  5012 | D:7      | a glowing shapeshifter changed into a faun
  5016 | D:7      | Killed a faun
  5017 | D:7      | Reached skill level 5 in Fighting
  5017 | D:7      | Reached XP level 9. HP: 71/71 MP: 0/0
  5017 | D:7      | Learned a level 4 spell: Animate Dead
  5047 | D:7      | Found Pihik's Antique Armour Shop.
  5584 | D:4      | Noticed Grinder
  5584 | D:4      | Paralysed by Grinder for 2 turns
  5589 | D:4      | Killed Grinder
  5609 | D:3      | You are sucked into a shaft and drop 2 floors!
  5870 | D:3      | Noticed Terence
  5875 | D:3      | Killed Sigmund
  5879 | D:3      | Killed Terence
  6228 | D:6      | Reached XP level 10. HP: 69/79 MP: 0/0
  6317 | D:6      | Found a bloodstained altar of Trog.
  6420 | D:6      | Found a staircase to the Ecumenical Temple.
  6446 | Temple   | Entered the Ecumenical Temple
  6881 | Temple   | Became a worshipper of Warmaster Okawaru
  7053 | D:7      | Reached skill level 6 in Fighting
  7082 | D:8      | Noticed Pikel
  7088 | D:8      | Killed Grum
  7150 | D:8      | Killed Pikel
  7150 | D:8      | Reached * piety under Okawaru
  7341 | D:8      | Bought a yellow potion for 25 gold pieces
  7341 | D:8      | Bought a coppery potion for 25 gold pieces
  7341 | D:8      | Bought a yellow potion for 25 gold pieces
  7495 | D:9      | Identified a scroll of acquirement
  7495 | D:9      | Acquired a manual of Fighting
  7566 | D:9      | Found a flagged portal.
  7606 | Bailey   | Entered a bailey
  7710 | Bailey   | Reached skill level 7 in Fighting
  7952 | Bailey   | Reached ** piety under Okawaru
  8184 | Bailey   | Reached skill level 8 in Fighting
  8205 | Bailey   | Reached XP level 11. HP: 71/90 MP: 0/0
  8205 | Bailey   | Learned a level 5 spell: Hydra Form
  8405 | D:9      | Noticed a manticore
  8416 | D:9      | Reached skill level 5 in Spellcasting
  8423 | D:9      | Killed a manticore
  8424 | D:9      | Reached skill level 1 in Shields
  8456 | D:9      | Reached skill level 9 in Fighting
  8456 | D:9      | Reached skill level 5 in Armour
  8497 | D:9      | Noticed a two-headed ogre
  8656 | D:9      | Found a staircase to the Orcish Mines.
  8663 | D:9      | Noticed Erica
  8672 | D:9      | Killed Erica
  8672 | D:9      | Reached *** piety under Okawaru
  8979 | D:9      | Found a sacrificial altar of Ru.
  9088 | D:9      | Reached skill level 10 in Fighting
  9220 | D:10     | Entered Level 10 of the Dungeon
  9335 | D:10     | Reached **** piety under Okawaru
  9336 | D:10     | Reached skill level 10 in Staves
  9724 | D:10     | Found a glowing golden altar of the Shining One.
  9777 | D:10     | Noticed a two-headed ogre
 10171 | D:10     | Found a runed translucent gate.
 10171 | D:10     | Found a runed translucent gate.
 10174 | D:10     | Noticed a brown ugly thing
 10175 | D:10     | Found a runed translucent gate.
 10175 | D:10     | Noticed a purple ugly thing
 10175 | D:10     | Noticed a brown very ugly thing
 10175 | D:10     | Noticed a brown ugly thing
 10175 | D:10     | Noticed a cyan ugly thing
 10175 | D:10     | Noticed a purple ugly thing
 10178 | D:10     | Noticed a cyan ugly thing
 10275 | D:10     | Killed a two-headed ogre
 10275 | D:10     | Reached ***** piety under Okawaru
 10275 | D:10     | Received a gift from Okawaru
 10276 | D:10     | Reached skill level 11 in Fighting
 10276 | D:10     | Reached skill level 5 in Shields
 10276 | D:10     | Reached XP level 12. HP: 75/103 MP: 0/0
 10723 | D:11     | Received a gift from Okawaru
 10891 | D:11     | Noticed a two-headed ogre
 10900 | D:11     | Killed a two-headed ogre
 10970 | D:11     | Reached skill level 12 in Fighting
 11194 | D:12     | Noticed a boulder beetle
 11207 | D:12     | Killed a boulder beetle
 11510 | D:9      | Killed a two-headed ogre
 11593 | D:9      | Found a staircase to the Lair.
 11828 | Orc:1    | Entered Level 1 of the Orcish Mines
 11969 | Lair:1   | Entered Level 1 of the Lair of Beasts
 12089 | Lair:1   | Noticed a six-headed hydra
 12100 | Lair:1   | Killed a one-headed hydra
 12499 | Lair:1   | Reached skill level 1 in Invocations
 12614 | Lair:1   | Received a gift from Okawaru
 12802 | Lair:2   | Reached skill level 5 in Long Blades
 12806 | Lair:2   | Reached XP level 13. HP: 101/112 MP: 0/0
 12806 | Lair:2   | Learned a level 5 spell: Summon Forest
 12824 | Lair:2   | Found a hole to the Spider Nest.
 12939 | Lair:2   | Reached skill level 13 in Fighting
 13223 | Lair:2   | Noticed Maggie
 13238 | Lair:2   | Killed Maggie
 13238 | Lair:2   | Received a gift from Okawaru
 13238 | Lair:2   | Reached ****** piety under Okawaru
 14128 | Lair:4   | Noticed Rupert
 14278 | Lair:3   | You are sucked into a shaft and drop 1 floor!
 14418 | Lair:4   | Reached skill level 14 in Fighting
 14507 | Lair:4   | Found a staircase to the Shoals.
 14661 | Lair:5   | Noticed Kirke
 14688 | Lair:5   | Killed Kirke
 14688 | Lair:5   | Identified the +9 plate armour of Pleasant Breezes {rElec
                  | rF+++ rCorr Dex-2} (Okawaru gifted it to you on level 5 of
                  | the Lair of Beasts)
 14688 | Lair:5   | Received a gift from Okawaru
 14888 | Lair:5   | Noticed Snorg
 15008 | Lair:6   | Entered Level 6 of the Lair of Beasts
 15018 | Lair:5   | Reached skill level 10 in Shields
 15041 | Lair:5   | Reached XP level 14. HP: 116/123 MP: 0/0
 15053 | Lair:5   | Reached skill level 15 in Fighting
 15355 | Lair:6   | Found a staircase to the Slime Pits.
 15382 | Lair:6   | Received a gift from Okawaru
 15728 | Lair:6   | Reached skill level 5 in Invocations
 16369 | Lair:5   | Received a gift from Okawaru
 16370 | Lair:5   | Found the +7 lajatang of Order {silver, rMut}
 16741 | Lair:6   | Identified the amulet "Axoggac" {Regen+ rCorr Dex+2 SInv}
 17064 | Lair:4   | Reached XP level 15. HP: 119/133 MP: 0/0
 17064 | Lair:4   | Learned a level 6 spell: Blade Hands
 17074 | Lair:4   | Received a gift from Okawaru
 17127 | Lair:3   | Reached skill level 16 in Fighting
 17703 | Lair:3   | Identified the +1 scale mail of Panentheism {Str+3 Stlth+}
 18072 | D:12     | Noticed Fannar
 18102 | D:12     | Killed Fannar
 18463 | D:12     | Noticed Urug
 18472 | D:12     | Killed Urug
 18588 | D:13     | Found a gate leading to a gauntlet.
 18596 | Gauntlet | Entered a Gauntlet
 18596 | Gauntlet | Found a transporter.
 18596 | Gauntlet | Found a transporter.
 18638 | Gauntlet | Found a transporter.
 18640 | Gauntlet | Found a transporter.
 18645 | Gauntlet | Found a transporter.
 18664 | Gauntlet | Found a transporter.
 18674 | Gauntlet | Found a transporter.
 18674 | Gauntlet | Found a transporter.
 18698 | Gauntlet | Found a transporter.
 18723 | Gauntlet | Found a transporter.
 18735 | Gauntlet | Found a transporter.
 18773 | Gauntlet | Found a transporter.
 18787 | Gauntlet | Found a transporter.
 18805 | Gauntlet | Found a transporter.
 18904 | Gauntlet | Found a transporter.
 18918 | Gauntlet | Found a transporter.
 19163 | Gauntlet | Identified the ring "Usemapn" {rPois EV+4}
 19382 | Gauntlet | Identified the +2 leather armour "Xedeyz" {Will+ Dex+4
                  | Stlth-}
 19970 | D:13     | Received a gift from Okawaru
 19992 | D:13     | Found a gate to the Vaults.
 20021 | D:13     | Identified the +9 mace "Ytask" {antimagic, *Rage rElec rC-
                  | Will+++}
 20418 | D:14     | Received a gift from Okawaru
 20839 | D:14     | Reached XP level 16. HP: 133/141 MP: 0/0
 20883 | D:14     | Identified the +6 quarterstaff of Optimality {elec, rF-
                  | Int+9 Dex+5} (Okawaru gifted it to you on level 14 of the
                  | Dungeon)
 20883 | D:14     | Received a gift from Okawaru
 21192 | D:15     | Entered Level 15 of the Dungeon
 21624 | D:15     | Received a gift from Okawaru
 21868 | D:15     | Annihilated by a white ugly thing

Illustrated notes

Levels and vault maps discovered:
D:1:      lemuel_arrival_river_ford, layout_loops_cross,
          ebering_ecumenical_altar_box, minmay_split_cup_large
D:2:      layout_loops_ring, serial_shops, nicolae_shop_trees,
          uniq_crazy_yiuf_cottage
D:3:      layout_rooms, vehumet_statue, roderic_lattice_a, uniq_terence,
          uniq_sigmund
D:4:      layout_rooms, kennysheep_boxes, uniq_grinder, uniq_blork_the_orc
D:5:      layout_basic, grunt_temple_overflow_forces_of_nature,
          minmay_misc_feat_pillars
D:6:      layout_rooms, nicolae_overflow_crystal_walls, lemuel_doored_altar,
          minmay_temple_entry_nine_rooms
D:7:      layout_rooms, serial_shops, shop
D:8:      layout_cave_pools, serial_shops, nicolae_shop_waterfront, uniq_pikel,
          uniq_grum
D:9:      wad_arrow_thing, layout_basic, lemuel_coloured_pillars_altar,
          erik_lair_island, enter_bailey_4, uniq_erica
D:10:     layout_long_grid, chequers_temple_overflow_statue_of_worship,
          ploomutoo_gammafunk_ghost_potion_laboratory
D:11:     layout_long_grid
D:12:     layout_roguey, david_defended_altar_orc, uniq_fannar, uniq_urug
D:13:     layout_cave_pools, david_vaults_1, gauntlet_entry_generic
D:14:     kennysheep_blocky_hall, layout_long_grid, infiniplex_staircase_pool
D:15:     hangedman_depths_entry_civil_slaughter, layout_loops_ring,
          corexii_corridor_pit
Temple:   eino_temple_water
Lair:1:   layout_gridlike, serial_forest, infiniplex_forest_lined_2,
          infiniplex_forest_end_2, infiniplex_forest_diagonal,
          infiniplex_forest_lined_room_2, infiniplex_forest_straight_4,
          infiniplex_forest_corner_1, infiniplex_forest_lined_2,
          cheibrodos_lair_reptile_den
Lair:2:   layout_big_grid, nicolae_spider_entry_tight_spaces,
          roderic_carrion_pond, uniq_maggie
Lair:3:   layout_chaotic_city
Lair:4:   layout_regular_city, minmay_shoals_entry_beasts, lemuel_fruit_fields,
          grunt_megastairs_4, uniq_rupert
Lair:5:   layout_roguey, uniq_kirke, uniq_snorg
Lair:6:   evilmike_catoblepas_cave, layout_misc_corridors,
          minmay_slime_entry_jelly_boxes, grunt_megastairs_3,
          serial_bayou_shore_b
Orc:1:    layout_caves

Skill      XL: |  1  2  3  4  5  6  7  8  9 10 11 12 13 14 15 16 |
---------------+-------------------------------------------------+-----
Long Blades    | 3 5 6 |  6.2
Armour         | 1 2 3 4 5 7 |  7.5
Staves         | 1 2 3 5 6 8 9 10 11 12 13 | 13.9
Fighting       | 3 4 5 8 11 12 14 15 16 | 16.6
Stealth        | 1 2 3 4 |  4.6
Dodging        | 4 5 6 7 8 9 |  9.9
Spellcasting   | 2 3 4 5 6 7 |  7.3
Shields        | 5 7 10 11 12 | 12.1
Throwing       | 2 |  2.2
Invocations    | 1 3 5 6 7 |  7.4

Action                   |  1- 3 |  4- 6 |  7- 9 | 10-12 | 13-15 | 16-18 || total
-------------------------+-------+-------+-------+-------+-------+-------++-------
Melee: Long sword        |    50 |       |       |       |       |       ||    50
       Quarterstaff      |     7 |    94 |   178 |   488 |       |       ||   767
       Headbutt          |       |     4 |    30 |   133 |   301 |    46 ||   514
       Scimitar          |       |       |       |   103 |    32 |     4 ||   139
       Lajatang          |       |       |       |     8 |  1073 |   150 ||  1231
Throw: Javelin           |       |       |       |    17 |     3 |       ||    20
 Cast: Blink             |       |       |       |     3 |       |     2 ||     5
Invok: Heroism           |       |       |       |     5 |     5 |     1 ||    11
Evoke: Wand              |       |       |     1 |       |       |       ||     1
  Use: Potion            |     1 |     6 |     2 |     2 |     1 |     1 ||    13
       Scroll            |       |     3 |       |    13 |     4 |       ||    20
 Stab: Sleeping          |     1 |       |     2 |     7 |     4 |     1 ||    15
       Invisible         |     1 |       |       |     1 |       |       ||     2
       Paralysed         |       |       |     1 |     2 |       |       ||     3
       Confused          |       |       |       |     3 |       |       ||     3
       Distracted        |       |       |       |     1 |     2 |     2 ||     5
       Petrified         |       |       |       |       |     5 |       ||     5
Armor: Leather armour    |    11 |    28 |    24 |    44 |       |       ||   107
       Skin              |       |     8 |       |       |       |       ||     8
       Troll leather arm |       |       |       |    60 |   276 |    43 ||   379
Dodge: Dodged            |    44 |    55 |    93 |   489 |   919 |   157 ||  1757
Block: Kite shield       |       |       |       |    77 |    14 |       ||    91
       Rpst.: Long sword |    17 |       |       |       |       |       ||    17
       Scimitar          |       |       |       |    22 |     4 |     2 ||    28

Table legend: (Time is in decaauts)
 A = Elapsed time spent in this place.
 B = Non-inter-level travel time spent in this place.
 C = Inter-level travel time spent in this place.
 D = Time resting spent in this place.
 E = Time spent auto-exploring this place.
 F = Levels seen in this place.
 G = Mean time per level.
                   A        B        C        D        E       F      G
               +--------+--------+--------+--------+--------+-----+--------+
         Total |  21616 |  20289 |   1327 |   1292 |  11365 |  25 |  864.6 |
       Dungeon |  13891 |  12936 |    955 |    895 |   7556 |  15 |  926.1 |
        Temple |    451 |    422 |     29 |      0 |    419 |   1 |  451.0 |
          Lair |   5765 |   5422 |    343 |    168 |   3029 |   6 |  960.8 |
  Orcish Mines |      1 |      1 |      0 |      0 |      0 |   1 |    1.0 |
        Bailey |    716 |    716 |      0 |     90 |     43 |   1 |  716.0 |
      Gauntlet |    790 |    790 |      0 |    139 |    318 |   1 |  790.0 |
               +--------+--------+--------+--------+--------+-----+--------+

Top non-repeatable levels by time:
     D:9: 1654 daAuts
  Lair:6: 1463 daAuts
    D:10: 1215 daAuts
    D:14: 1203 daAuts
     D:3: 1195 daAuts
  Lair:1: 1173 daAuts
     D:2: 1033 daAuts
  Lair:2: 985 daAuts
  Lair:3: 891 daAuts
     D:4: 871 daAuts
     D:6: 858 daAuts
     D:7: 844 daAuts
    D:12: 844 daAuts
     D:1: 842 daAuts
     D:5: 813 daAuts
